 Dungeon Crawl Stone Soup version 0.24-a0-545-gd1b266bae6 (webtiles) character file.

Game seed: 17397820702699429127

79303 CherryEater the Geomancer (level 15, -6/93 HPs)
             Began as a Gargoyle Earth Elementalist on Aug 17, 2019.
             Was a High Priest of Vehumet.
             Mangled by an orc warlord
             ... wielding a +0 great sword
              (27 damage)
             ... on level 2 of the Orcish Mines on Aug 18, 2019.
             The game lasted 01:16:13 (27077 turns).

CherryEater the Geomancer (GrEE)                   Turns: 27077, Time: 01:16:14

Health: -6/93      AC: 27    Str: 12    XL:     15   Next: 63%
Magic:  6/29       EV: 15    Int: 24    God:    Vehumet [*****.]
Gold:   2224       SH:  0    Dex: 10    Spells: 9/34 levels left

rFire    . . .     SeeInvis .   h - +7 flail (protect)
rCold    . . .     Gourm    .   (no shield)
rNeg     + . .     Faith    .   c - +0 robe
rPois    ∞         Spirit   .   (helmet restricted)
rElec    +         Reflect  .   r - scarf {cloud immunity}
rCorr    .         Harm     .   l - +2 pair of gloves
MR       +....     Clarity  +   R - +0 pair of boots
Stlth    +.........             B - amulet of the acrobat
HPRegen  0.25/turn              e - +4 ring of protection
MPRegen  0.21/turn              S - +5 ring of protection

@: about to teleport, contaminated, glowing, studying Staves
A: antennae 1, big wings, clarity, clever 1, negative energy resistance 1,
electricity resistance, unbreathing, petrification resistance, no potion heal 1,
rot immunity, MP-powered wands, AC +11
a: Fly, Renounce Religion


You were on level 2 of the Orcish Mines.
You worshipped Vehumet.
Vehumet was extremely pleased with you.
You were full.

You visited 4 branches of the dungeon, and saw 23 of its levels.
You also visited: Ossuary and Bailey.

You collected 2414 gold pieces.
You spent 190 gold pieces at shops.

Inventory:

Hand Weapons
 h - a +7 flail of protection (weapon)
 G - a +1 morningstar of draining
 H - a cursed +0 morningstar of freezing
 O - the +11 long sword "Duhel" {flame, +Rage Str+2}
   (You found it on level 14 of the Dungeon)

   It has been specially enchanted to burn those struck by it, causing extra
   injury to most foes and up to half again as much damage against particularly
   susceptible opponents.
   Big, fiery blades are also staple armaments of hydra-hunters.
   It affects your strength (+2).
   It lets you go berserk.
Missiles
 b - 298 stones (quivered)
 M - 9 silver javelins
Armour
 c - a +0 robe (worn)
 l - a +2 pair of gloves (worn)
 m - a +0 cloak
 r - a scarf of cloud immunity (worn)
 C - the -1 pair of boots "Ytsen" {rElec rN++ Dex-2 SInv}
   (You bought it in a shop on level 8 of the Dungeon)

   It affects your dexterity (-2).
   It insulates you from electricity.
   It greatly protects you from negative energy.
   It lets you see invisible.
 E - a +2 helmet
 R - a +0 pair of boots (worn)
Jewellery
 e - a +4 ring of protection (left hand)
 f - an uncursed ring of protection from fire
 B - an amulet of the acrobat (around neck)
 S - a +5 ring of protection (right hand)
Wands
 a - a wand of polymorph (11)
 w - a wand of iceblast (35)
 y - a wand of disintegration (8)
 z - a wand of digging (2)
 U - a wand of paralysis (3)
Scrolls
 k - 6 scrolls of amnesia
 s - 3 scrolls of teleportation
 t - 9 scrolls of remove curse
 I - 11 scrolls of identify
 J - 3 scrolls of fog
 K - 2 scrolls of immolation
 T - a scroll of summoning
Potions
 g - 4 potions of cancellation
 i - 4 potions of lignification
 j - 8 potions of haste
 n - 2 potions of brilliance
 o - 4 potions of agility
 q - 2 potions of berserk rage
 u - 10 potions of curing
 x - 5 potions of might
 A - 4 potions of magic
 D - 2 potions of heal wounds
Books
 v - a manual of Staves
Miscellaneous
 p - a lightning rod (4/4)
 L - 2 sacks of spiders
 N - a fan of gales (inert)
Comestibles
 d - 24 rations


   Skills:
 + Level 10.5 Fighting
 + Level 9.8 Maces & Flails
 - Level 6.0 Armour
 + Level 8.3 Dodging
 - Level 2.1 Stealth
 + Level 10.3 Spellcasting
 + Level 11.5 Conjurations
 - Level 0.7 Transmutations
 * Level 8.1 Fire Magic
 + Level 13.3 Earth Magic
 - Level 6.0 Evocations


You had 9 spell levels left.
You knew the following spells:

 Your Spells              Type           Power        Failure   Level  Hunger
a - Sandblast             Erth           ######       0%          1    None
b - Stone Arrow           Conj/Erth      ######       1%          3    None
c - Lee's Rapid Deconstr  Erth           ######....   1%          5    ####...
d - Irradiate             Conj/Tmut      #####.....   3%          5    ####...
e - Iron Shot             Conj/Erth      ######....   1%          6    ######.
f - Fireball              Conj/Fire      ######....   1%          5    ####...

Your spell library contained the following spells:

 Spells                   Type           Power        Failure   Level  Hunger
 Yara's Violent Unravell  Hex/Tmut       ##........   30%         5    ####...
 Freeze                   Ice            ##..         1%          1    None
 Passwall                 Tmut/Erth      #####...     1%          2    None
 Throw Frost              Conj/Ice       #####.       1%          2    None
 Conjure Flame            Conj/Fire      ######..     1%          3    None
 Inner Flame              Hex/Fire       ####....     1%          3    None
 Fulminant Prism          Conj/Hex       #####.....   1%          4    #......
 Iskenderun's Mystic Bla  Conj           ######..     1%          4    #......
 Throw Icicle             Conj/Ice       #####...     1%          4    #......
 Petrify                  Tmut/Erth      #####...     2%          4    #......
 Beastly Appendage        Tmut           ###...       3%          1    None
 Leda's Liquefaction      Hex/Erth       #####.....   3%          4    #......
 Animate Skeleton         Necr           N/A          4%          1    None
 Apportation              Tloc           ##....       4%          1    None
 Confusing Touch          Hex            ##....       4%          1    None
 Corona                   Hex            ##.....      4%          1    None
 Summon Butterflies       Summ           ##......     4%          1    None
 Summon Small Mammal      Summ           ##..         4%          1    None
 Sticks to Snakes         Tmut           ###.....     6%          2    None
 Slow                     Hex            ##......     8%          2    None
 Swiftness                Chrm/Air       ##......     8%          2    None
 Spider Form              Tmut/Pois      ##........   13%         3    None
 Lesser Beckoning         Tloc           ##........   16%         3    None
 Ozocubu's Armour         Chrm/Ice       ##......     16%         3    None
 Portal Projectile        Hex/Tloc       ##....       16%         3    None
 Regeneration             Chrm/Necr      ##........   16%         3    None
 Tukima's Dance           Hex            ##......     16%         3    None
 Ice Form                 Ice/Tmut       ##......     41%         4    #......
 Cause Fear               Hex            ##........   45%         4    #......
 Passage of Golubria      Tloc           N/A          45%         4    #......
 Summon Ice Beast         Ice/Summ       ##......     45%         4    #......
 Blade Hands              Tmut           ###.......   71%         5    ####...
 Alistair's Intoxication  Tmut/Pois      ##......     77%         5    ####...
 Darkness                 Hex            ##........   100%        6    ######.
 Deflect Missiles         Chrm/Air       ##........   100%        6    ######.
 Invisibility             Hex            ##......     100%        6    ######.


Dungeon Overview and Level Annotations

Branches:
Dungeon (14/15)            Temple (1/1) D:5            Lair (6/6) D:10
  Swamp (0/4) Lair:4        Snake (0/4) Lair:4        Slime (0/5) Lair:6
    Orc (2/2) D:9          Vaults (0/5) D:13
    Elf: Orc:2

Altars:
Cheibriados
Dithmenos
Elyvilon
Fedhas
Gozag
Hepliaklqana
Kikubaaqudgha
Makhleb
Nemelex Xobeh
Qazlal
Ru
Sif Muna
Trog
Uskayaw
Vehumet
Wu Jian
Xom
Zin
The Shining One

Shops:
D:7 %   D:8 [}:   D:11 *   D:14 %?   Orc:1 :


Innate Abilities, Weirdness & Mutations

You are resistant to torment.
Your stone body is resilient. (AC +11)
You are immune to poison.
Your large and strong wings let you fly indefinitely.
You resist negative energy. (rN+)
You are resistant to electric shocks. (rElec)
You can survive without breathing.
You are immune to petrification.
You are immune to rotting.
You have a pair of small antennae on your head.
You possess an exceptional clarity of mind.
Your mind is acute. (Int +2)
Potions are less effective at restoring your health.
You expend magic power (3 MP) to strengthen your wands.


Message History

The orc knight is engulfed in negative energy.
The orc knight is drained!
The orc warrior barely misses you.
The orc warlord is engulfed in negative energy.
The orc warlord is drained!
The orc warlord hits you with a +0 great sword!
* * * LOW HITPOINT WARNING * * *
The orc priest calls upon Beogh to heal the orc warlord.
The orc warlord is healed somewhat.
The orc knight roars a battlecry!
The orc high priest goes into a battle-frenzy!
Your system partially rejects the healing.
You feel much better.
The orc no longer looks unusually strong.
An orc warrior comes into view. It is wielding a +0 flail.
The orc warrior hits you from afar with a +0 glaive.
* * * LOW HITPOINT WARNING * * *
The orc warlord is engulfed in negative energy.
The orc warlord is drained!
The orc warlord hits you with a +0 great sword!!
You die...

.#.# ......
.....#####......
..#...#...#..P..
...........#...P
................
............P...
.............P..
.......@.o....P.
$....oooo.......
......§§§.#.....
....o.§§§.o.....
.....§§§§§o..#..
.....§§§§§...#..
.....§§o§§......
o......oo)......
.$.#..)))......


You could see an orc warlord, an orc knight, an orc high priest, 5 orc warriors,
2 orc priests and 2 orcs.

Vanquished Creatures
  Rupert (D:12)
  Gastronok (Lair:2)
  A stone giant (D:10)
  A dire elephant (Lair:6)
  8 vault guards (D:13)
  9 hydras
  A death knight (D:14)
  A catoblepas (Lair:6)
  13 death yaks (Lair:6)
  A centaur warrior (D:10)
  An orc high priest (Orc:2)
  An ogre mage (D:14)
  9 two-headed ogres
  Urug (Lair:3)
  A deep troll shaman (Lair:6)
  Nergalle (Lair:2)
  2 unseen horrors (D:12)
  A deep elf archer (D:10)
  A wizard (D:10)
  2 orc knights (Orc:2)
  A phantasmal warrior (D:14)
  4 ugly things
  2 orc sorcerers (Orc:2)
  A cyclops (D:13)
  5 slime creatures (D:14)
  6 elephants
  2 black mambas
  A molten gargoyle (D:12)
  15 spiny frogs
  A spiny frog (shapeshifter) (D:14)
  9 komodo dragons
  2 gargoyles
  A kobold demonologist (D:14)
  An efreet (D:13)
  A rime drake (Lair:6)
  2 freezing wraiths (D:14)
  3 blink frogs (Lair:6)
  2 trolls
  A polar bear (Lair:6)
  3 meliai (D:13)
  A tyrant leech (Lair:4)
  11 dream sheep
  2 hornets
  3 hippogriffs
  A shadow (D:14)
  2 vampires (D:14)
  A steam dragon (D:10)
  A human (shapeshifter) (D:10)
  20 yaks
  4 hogs (D:7)
  A human (D:7)
  Grum (Lair:1)
  7 wyverns
  2 wargs (Orc:2)
  7 vampire mosquitoes (D:14)
  A naga (Lair:4)
  3 soldier ants
  A swamp worm (Lair:4)
  An acid dragon (D:12)
  10 water moccasins
  6 porcupines
  A black bear (D:8)
  A phantom (D:5)
  14 orc warriors
  2 ice beasts
  8 sky beasts
  An eye of draining (D:9)
  18 ogres
  13 wolves
  4 centaurs
  10 crocodiles
  3 big kobolds
  16 bullfrogs
  Blork the orc (D:4)
  3 elf zombies (Ossuary)
  A water moccasin zombie (D:7)
  4 scorpions
  A water moccasin skeleton (D:10)
  27 killer bees
  5 wights (D:10)
  A howler monkey (D:6)
  An electric eel (D:12)
  3 crimson imps
  A bullfrog zombie (D:9)
  A quasit (D:10)
  5 centaur zombies
  2 centaur skeletons
  3 jellies
  7 orc wizards
  6 orc priests
  Crazy Yiuf (D:2)
  8 hounds
  A human zombie (Ossuary)
  4 bullfrog skeletons
  Terence (D:3)
  3 iguanas
  9 worker ants
  Natasha (thrice) (D:3)
  A big kobold zombie (Ossuary)
  2 hound skeletons
  2 mummies (Ossuary)
  10 gnolls
  A howler monkey skeleton (D:5)
  16 adders
  5 shadow imps
  3 oozes
  2 adder zombies
  An adder skeleton (D:4)
  5 worms
  4 dart slugs
  5 leopard geckos
  35 orcs
  5 giant cockroaches
  7 hobgoblins
  9 jackals
  6 quokkas
  2 ball pythons (D:1)
  4 bats
  9 frilled lizards
  14 goblins
  A goblin zombie (Ossuary)
  10 hobgoblin zombies (Ossuary)
  2 jackal zombies (Ossuary)
  38 kobolds
  8 kobold zombies (Ossuary)
  9 orc zombies (Ossuary)
  A quokka skeleton (D:6)
  2 quokka zombies
  4 rats
  A rat zombie (D:7)
  A fungus (Lair:2)
  2 plants (Lair:6)
626 creatures vanquished.

Vanquished Creatures (collateral kills)
  An elephant (Lair:6)
  A wolf (Lair:6)
  A hound (D:13)
  A worker ant (D:13)
4 creatures vanquished.

Vanquished Creatures (others)
  5 fungi
  5 plants (Lair:6)
10 creatures vanquished.

Grand Total: 640 creatures vanquished

Notes
Turn   | Place    | Note
-------+----------+-------------------------------------------
     0 | D:1      | CherryEater the Gargoyle Earth Elementalist began the quest
                  | for the Orb.
     0 | D:1      | Reached XP level 1. HP: 10/10 MP: 3/3
   306 | D:1      | Reached XP level 2. HP: 13/15 MP: 0/5
   308 | D:1      | Reached skill level 4 in Earth Magic
   890 | D:1      | Reached XP level 3. HP: 19/19 MP: 6/6
   895 | D:1      | Learned a level 3 spell: Stone Arrow
  1220 | D:2      | Reached skill level 1 in Conjurations
  1335 | D:2      | Reached XP level 4. HP: 24/24 MP: 8/8
  1688 | D:2      | Found a runed translucent door.
  1689 | D:2      | Noticed Crazy Yiuf
  2306 | D:2      | Killed Crazy Yiuf
  2306 | D:2      | Reached skill level 5 in Earth Magic
  2506 | D:3      | Noticed Terence
  2567 | D:3      | Reached XP level 5. HP: 28/28 MP: 6/9
  2572 | D:3      | Killed Terence
  3181 | D:3      | Reached XP level 6. HP: 26/32 MP: 3/11
  3194 | D:3      | Learned a level 5 spell: Lee's Rapid Deconstruction
  3439 | D:3      | Noticed Natasha
  3447 | D:3      | Killed Natasha
  3539 | D:3      | Found a faded altar of an unknown god.
  3691 | D:3      | Noticed Natasha
  3694 | D:3      | Killed Natasha
  4037 | D:3      | Noticed Natasha
  4044 | D:3      | Killed Natasha
  4250 | D:3      | Found a faded altar of an unknown god.
  4619 | D:4      | Found an ancient bone altar of Kikubaaqudgha.
  4647 | D:4      | Reached skill level 6 in Earth Magic
  4682 | D:4      | Noticed Blork the orc
  4697 | D:4      | Killed Blork the orc
  4813 | D:4      | Reached XP level 7. HP: 36/36 MP: 8/13
  5187 | D:4      | Noticed Dowan
  5191 | D:4      | Noticed Duvessa
  5203 | D:4      | Noticed Duvessa
  5203 | D:4      | Duvessa changed into Duvessa the bullfrog
  5205 | D:4      | Killed Duvessa the bullfrog
  5214 | D:4      | Noticed Dowan
  5214 | D:4      | Dowan changed into Dowan the bullfrog
  5216 | D:4      | Killed Dowan the bullfrog
  5314 | D:4      | Reached skill level 7 in Earth Magic
  5406 | D:4      | Noticed Edmund
  5408 | D:4      | Noticed Edmund
  5408 | D:4      | Edmund changed into Edmund the wyvern
  5412 | D:4      | Killed Edmund the wyvern
  5412 | D:4      | Reached skill level 5 in Spellcasting
  5412 | D:4      | Reached skill level 5 in Conjurations
  5412 | D:4      | Reached XP level 8. HP: 41/41 MP: 8/15
  5824 | D:5      | Entered Level 5 of the Dungeon
  5827 | D:5      | Found a staircase to the Ecumenical Temple.
  5851 | Temple   | Entered the Ecumenical Temple
  5901 | Temple   | Became a worshipper of Vehumet
  6122 | D:5      | Reached skill level 1 in Maces & Flails
  6122 | D:5      | Reached skill level 1 in Armour
  6234 | D:5      | Reached skill level 1 in Fighting
  6450 | D:5      | Reached skill level 1 in Evocations
  6469 | D:5      | Gained mutation: You occasionally shout uncontrollably at
                  | your foes. [potion of mutation]
  6469 | D:5      | Gained mutation: You are agile. (Dex +2) [potion of
                  | mutation]
  7258 | D:6      | Reached * piety under Vehumet
  7258 | D:6      | Offered knowledge of Shock by Vehumet.
  7283 | D:6      | Reached XP level 9. HP: 44/48 MP: 9/17
  7753 | D:7      | Reached skill level 8 in Earth Magic
  7893 | D:7      | Found Ofuolet's Food Emporium.
  7926 | D:7      | Found a sand-covered staircase.
  7936 | Ossuary  | Entered an ossuary
  8101 | Ossuary  | Offered knowledge of Searing Ray by Vehumet.
  8111 | Ossuary  | Reached ** piety under Vehumet
  8392 | Ossuary  | Offered knowledge of Dazzling Spray by Vehumet.
  8424 | D:7      | Reached *** piety under Vehumet
  8569 | D:7      | Reached XP level 10. HP: 56/56 MP: 5/19
  8802 | D:7      | Found a glowing golden altar of the Shining One.
  9242 | D:8      | Offered knowledge of Conjure Flame by Vehumet.
  9323 | D:8      | Found Teydoesm's Gadget Emporium.
  9330 | D:8      | Reached skill level 9 in Earth Magic
  9430 | D:8      | Found Hatojonn's Book Shoppe.
  9454 | D:8      | Noticed a two-headed ogre
  9458 | D:8      | Killed a two-headed ogre
  9597 | D:8      | Found Yviunt's Antique Armour Boutique.
  9608 | D:8      | Bought a pair of ichor-stained boots for 190 gold pieces
  9613 | D:8      | Identified the cursed -1 pair of boots "Ytsen" {rElec rN++
                  | Dex-2 SInv} (You bought it in a shop on level 8 of the
                  | Dungeon)
  9758 | D:9      | Reached **** piety under Vehumet
  9761 | D:9      | Reached skill level 5 in Armour
  9837 | D:9      | Found a staircase to the Orcish Mines.
 10231 | D:9      | Reached skill level 5 in Fighting
 10504 | D:10     | Entered Level 10 of the Dungeon
 10617 | D:10     | Reached XP level 11. HP: 63/63 MP: 21/21
 10623 | D:10     | Offered knowledge of Irradiate by Vehumet.
 10629 | D:10     | Reached skill level 5 in Maces & Flails
 10698 | D:10     | Noticed a two-headed ogre
 10703 | D:10     | Killed a two-headed ogre
 11199 | D:10     | Found a staircase to the Lair.
 11310 | D:10     | Noticed a wizard
 11315 | D:10     | Killed a wizard
 11374 | D:10     | Noticed a centaur warrior
 11387 | D:10     | Killed a centaur warrior
 11392 | D:10     | Reached skill level 10 in Earth Magic
 11398 | D:10     | Reached ***** piety under Vehumet
 11402 | D:10     | Reached skill level 5 in Evocations
 11467 | D:10     | Learned a level 5 spell: Irradiate
 11474 | D:10     | Found a large runed translucent door.
 11475 | D:10     | Found a large runed translucent door.
 11548 | D:10     | Found a snail-covered altar of Cheibriados.
 11548 | D:10     | Noticed a deep elf archer
 11554 | D:10     | Offered knowledge of Iron Shot by Vehumet.
 11555 | D:10     | Killed a deep elf archer
 11555 | D:10     | Reached skill level 5 in Dodging
 11556 | D:10     | Noticed a stone giant
 11675 | D:9      | Learned a level 6 spell: Iron Shot
 11706 | D:10     | Killed a stone giant
 11706 | D:10     | Reached XP level 12. HP: 71/71 MP: 4/23
 11813 | D:10     | Found a stormy altar of Qazlal.
 11942 | D:11     | Found Qihy's Serpentskin Sales.
 13247 | D:12     | Noticed Rupert
 13300 | D:12     | Paralysed by Rupert for 4 turns
 13307 | D:12     | Killed Rupert
 14077 | D:12     | Noticed a two-headed ogre
 14080 | D:12     | Killed a two-headed ogre
 14711 | D:13     | Reached skill level 11 in Earth Magic
 15047 | D:13     | Offered knowledge of Fireball by Vehumet.
 15155 | D:13     | Learned a level 5 spell: Fireball
 15184 | D:13     | Noticed a vault guard
 15184 | D:13     | Noticed a vault guard
 15447 | D:13     | Noticed a vault guard
 15450 | D:13     | Noticed a vault guard
 15452 | D:13     | Killed a vault guard
 15460 | D:13     | Killed a vault guard
 15460 | D:13     | Reached XP level 13. HP: 78/78 MP: 4/25
 15504 | D:13     | Killed a vault guard
 15674 | D:13     | Found a gate to the Vaults.
 15748 | D:13     | Noticed a vault guard
 15756 | D:13     | Killed a vault guard
 15886 | D:13     | Killed a vault guard
 15997 | D:13     | Noticed a vault guard
 16001 | D:13     | Killed a vault guard
 16141 | D:13     | Noticed a vault guard
 16145 | D:13     | Killed a vault guard
 16198 | D:13     | Noticed a vault guard
 16203 | D:13     | Killed a vault guard
 16226 | D:14     | Found a flagged portal.
 16307 | Bailey   | Entered a bailey
 16699 | Bailey   | Found an iron altar of Okawaru.
 16906 | D:14     | Found Sast's Magic Scroll Shoppe.
 16915 | D:14     | Reached skill level 10 in Conjurations
 17177 | D:14     | Reached skill level 1 in Fire Magic
 17548 | D:14     | Reached skill level 12 in Earth Magic
 17817 | D:14     | Got an encrusted long sword
 17818 | D:14     | Identified the +11 long sword "Duhel" {flame, +Rage Str+2}
                  | (You found it on level 14 of the Dungeon)
 17946 | D:14     | Found Bypura's Food Shop.
 18347 | D:14     | Offered knowledge of Orb of Destruction by Vehumet.
 18510 | Lair:1   | Entered Level 1 of the Lair of Beasts
 18664 | Lair:1   | Gained mutation: Your large and strong wings let you fly
                  | indefinitely. [Gargoyle growth]
 18664 | Lair:1   | Reached XP level 14. HP: 77/86 MP: 2/27
 19266 | Lair:1   | Noticed Grum
 19274 | Lair:1   | Killed Grum
 19523 | Lair:1   | Lost mutation: You are agile. (Dex +2) [potion of mutation]
 19523 | Lair:1   | Lost mutation: You occasionally shout uncontrollably at
                  | your foes. [potion of mutation]
 19523 | Lair:1   | Gained mutation: You have a pair of small antennae on your
                  | head. [potion of mutation]
 19523 | Lair:1   | Gained mutation: Your mind is acute. (Int +2) [potion of
                  | mutation]
 19523 | Lair:1   | Gained mutation: You possess an exceptional clarity of
                  | mind. [potion of mutation]
 19523 | Lair:1   | Gained mutation: You expend magic power (3 MP) to
                  | strengthen your wands. [potion of mutation]
 20219 | Lair:2   | Noticed Nergalle
 20233 | Lair:2   | Killed Nergalle
 20459 | Lair:2   | Noticed Gastronok
 20469 | Lair:2   | Killed Gastronok
 20854 | Lair:3   | Noticed Urug
 20878 | Lair:3   | Killed Urug
 20878 | Lair:3   | Reached skill level 5 in Fire Magic
 21714 | Lair:4   | Upgraded the game from 0.24-a0-539-g6aae15eeb0 to
                  | 0.24-a0-545-gd1b266bae6
 21990 | Lair:4   | Found a staircase to the Snake Pit.
 22422 | Lair:4   | Found a staircase to the Swamp.
 23610 | Lair:5   | You fall into a shaft and drop 1 floor!
 23610 | Lair:6   | Entered Level 6 of the Lair of Beasts
 23646 | Lair:6   | Found a staircase to the Slime Pits.
 24176 | Lair:5   | Reached XP level 15. HP: 84/92 MP: 28/28
 24281 | Lair:6   | Reached skill level 10 in Fighting
 24396 | Lair:6   | Reached skill level 10 in Spellcasting
 24404 | Lair:6   | Offered knowledge of Yara's Violent Unravelling by Vehumet.
 24688 | Lair:6   | Reached skill level 13 in Earth Magic
 25981 | Lair:6   | Identified the Collected Works on Assistive Conjuration
 26340 | Orc:1    | Entered Level 1 of the Orcish Mines
 26468 | Orc:1    | Found Niaxkank's Book Emporium.
 26730 | Orc:1    | Found a radiant altar of Vehumet.
 26781 | Orc:2    | Entered Level 2 of the Orcish Mines
 27057 | Orc:2    | Noticed an orc warlord
 27062 | Orc:2    | Gained mutation: Potions are less effective at restoring
                  | your health. [mutagenic glow]
 27076 | Orc:2    | HP: 4/93 [orc warlord/+0 great sword (16)]
 27077 | Orc:2    | Mangled by an orc warlord

Levels and vault maps discovered:
D:1:      lordsloth_arrival_two_stooges, layout_basic
D:2:      layout_loops_ring, uniq_crazy_yiuf_cottage
D:3:      layout_basic, chequers_ecumenical_altar_grove, uniq_terence,
          uniq_natasha
D:4:      layout_basic, kiku_gazebo_garden_becter, first_ration, uniq_edmund,
          uniq_duvessa, uniq_blork_the_orc
D:5:      wad_pebble_path, layout_loops_corners, minmay_temple_entry_glass
D:6:      layout_gridville, minmay_manual_mess
D:7:      layout_cave_pools, enter_ossuary_4, serial_shops,
          kennysheep_mini_moat, chequers_serial_rivers_marsh, grunt_livestock,
          nicolae_tso_carved_into_rock
D:8:      layout_cave_pools, serial_shops, kennysheep_mini, shop, shop
D:9:      layout_layer_cave, orc_0_dummy
D:10:     layout_cross, erik_lair_dragon, jmf_multi_god_temple2
D:11:     layout_gridville, guppyfry_shop_venom
D:12:     layout_stronghold, nicolae_lava_and_water, uniq_rupert
D:13:     layout_irregular_city, erik_vaults_2
D:14:     layout_basic, enter_bailey_3, serial_shops,
          nicolae_shop_competitors_out_of_business, shop, kennysheep_doodads
Temple:   dpeg_three_leaves_temple
Lair:1:   layout_layer_cave, minivault_19, uniq_grum
Lair:2:   layout_gridlike, uniq_gastronok, uniq_nergalle
Lair:3:   layout_regular_city, grunt_megastairs_1, lemuel_fruit_tree, uniq_urug
Lair:4:   layout_regular_city, palyth_hydra_swamp_entry,
          guppyfry_snake_entry_island, serial_bayou_shore_b
Lair:5:   layout_gridlike, infiniplex_staircase_pool
Lair:6:   grunt_lair_end_beastmaster, layout_regular_city,
          dpeg_slime_entry_corner, grunt_megastairs_4
Orc:1:    layout_caves, serial_shops, nicolae_shop_behind_doors, basic_altar
Orc:2:    grunt_orc_gardens, layout_caves, grunt_orc_garden, grunt_orc_garden,
          grunt_orc_garden, grunt_orc_garden, uniq_josephine

Skill      XL: |  1  2  3  4  5  6  7  8  9 10 11 12 13 14 15 |
---------------+----------------------------------------------+-----
Earth Magic    | 4 5 6 7 8 9 10 11 12 13 | 13.3
Conjurations   | 1 2 3 5 6 7 8 9 10 11 | 11.5
Spellcasting   | 3 4 5 6 7 8 9 10 | 10.3
Maces & Flails | 2 3 4 5 7 8 9 |  9.8
Armour         | 2 3 5 6 |  6.0
Fighting       | 2 3 5 6 7 9 10 | 10.5
Evocations     | 1 3 4 5 6 |  6.0
Dodging        | 2 3 4 5 6 7 8 |  8.3
Fire Magic     | 3 6 8 |  8.1
Stealth        | |  2.1
Transmutations | |  0.7

Action                   |  1- 3 |  4- 6 |  7- 9 | 10-12 | 13-15 || total
-------------------------+-------+-------+-------+-------+-------++-------
Melee: Unarmed           |    32 |       |       |       |       ||    32
       Spear             |    88 |   154 |       |       |       ||   242
       Dagger            |     9 |       |       |       |       ||     9
       Mace              |       |       |    11 |       |       ||    11
       Flail             |       |       |   201 |   296 |   488 ||   985
 Cast: Sandblast         |    22 |    50 |    83 |   154 |   100 ||   409
       Stone Arrow       |       |    12 |     7 |    23 |    36 ||    78
       Lee's Rapid Decon |       |       |     7 |    30 |    64 ||   101
       Iron Shot         |       |       |       |    24 |    92 ||   116
       Irradiate         |       |       |       |     1 |    10 ||    11
       Fireball          |       |       |       |       |    13 ||    13
 Abil: Fly               |       |       |       |       |     1 ||     1
       Stop Flying       |       |       |       |       |     1 ||     1
Evoke: Wand              |       |       |     8 |     8 |    19 ||    35
       Lightning rod     |       |       |       |       |    15 ||    15
       Sack of spiders   |       |       |       |       |     2 ||     2
       Fan of gales      |       |       |       |       |     1 ||     1
  Use: Scroll            |     3 |     8 |    10 |    14 |     9 ||    44
       Potion            |       |     1 |     4 |     3 |     5 ||    13
 Stab: Sleeping          |     4 |     5 |     3 |     2 |     3 ||    17
       Distracted        |       |     1 |       |       |       ||     1
       Petrified         |       |       |       |       |     4 ||     4
       Petrifying        |       |       |       |       |     1 ||     1
  Eat: Chunk             |     2 |    12 |    12 |    27 |    50 ||   103
       Ration            |       |       |     1 |     3 |    12 ||    16
Armor: Robe              |    45 |    59 |   183 |   204 |   386 ||   877
Dodge: Dodged            |    75 |   104 |   172 |   369 |   630 ||  1350

Table legend:
 A = Non-vault XP
 B = Vault XP
 C = Vault XP percentage of total XP
 D = Non-vault monster count
 E = Vault monster count
 F = Vault count percentage of total count
                 A         B        C        D         E       F
            +---------+---------+-------+---------+---------+-------
      Total |   72201 |   41090 |  36.3 |     474 |     153 |  24.4
            +---------+---------+-------+---------+---------+-------
        D:1 |      43 |       0 |   0.0 |      24 |       0 |   0.0
        D:2 |      82 |      40 |  32.8 |      23 |       1 |   4.2
        D:3 |     228 |      73 |  24.3 |      35 |       2 |   5.4
        D:4 |     541 |     454 |  45.6 |      13 |       4 |  23.5
        D:5 |     378 |       0 |   0.0 |      14 |       0 |   0.0
        D:6 |     399 |     215 |  35.0 |       9 |       4 |  30.8
        D:7 |    1459 |     972 |  40.0 |      35 |       7 |  16.7
        D:8 |    2615 |       0 |   0.0 |      25 |       0 |   0.0
        D:9 |    1007 |       0 |   0.0 |      17 |       0 |   0.0
       D:10 |    4456 |    4960 |  52.7 |      38 |      13 |  25.5
       D:11 |    2188 |     331 |  13.1 |      21 |       4 |  16.0
       D:12 |    4283 |    2632 |  38.1 |      28 |       1 |   3.4
       D:13 |    3306 |    7868 |  70.4 |      24 |       8 |  25.0
       D:14 |   14070 |       8 |   0.1 |      50 |       4 |   7.4
     Lair:1 |    3474 |     533 |  13.3 |      12 |       4 |  25.0
     Lair:2 |    3008 |    3159 |  51.2 |      11 |       2 |  15.4
     Lair:3 |    5433 |    1374 |  20.2 |      17 |       3 |  15.0
     Lair:4 |    2880 |    2900 |  50.2 |      14 |       6 |  30.0
     Lair:5 |    6281 |       0 |   0.0 |      19 |       0 |   0.0
     Lair:6 |   12847 |   11164 |  46.5 |      22 |      23 |  51.1
      Orc:1 |    1338 |     118 |   8.1 |       9 |       1 |  10.0
      Orc:2 |    1885 |    3382 |  64.2 |      14 |      11 |  44.0
    Ossuary |       0 |     494 | 100.0 |       0 |      39 | 100.0
     Bailey |       0 |     413 | 100.0 |       0 |      16 | 100.0
            +---------+---------+-------+---------+---------+-------
